 Dungeon Crawl Stone Soup version 0.24.0-13-gcf9b319 (webtiles) character file.

Game seed: 15686897779726556473, levelgen mode: deterministic

178 Ceann the Stinger (level 5, 0/33 HPs)
             Began as an Octopode Venom Mage on Feb 12, 2020.
             Slain by Natasha (6 damage)
             ... on level 2 of the Dungeon.
             The game lasted 00:09:26 (2915 turns).

Ceann the Stinger (Octopode Venom Mage)             Turns: 2915, Time: 00:09:27

Health: 0/33       AC:  1    Str:  7    XL:     5   Next: 58%
Magic:  2/9        EV: 13    Int: 18    God:
Gold:   109        SH:  0    Dex: 13    Spells: 5/9 levels left

rFire    . . .     SeeInvis .   (no weapon)
rCold    . . .     Gourm    .   (no shield)
rNeg     . . .     Faith    .   (helmet restricted)
rPois    .         Spirit   .   (no amulet)
rElec    .         Reflect  .   (no ring)
rCorr    .         Harm     .   (no ring)
MR       .....                  (no ring)
Stlth    +++.......             (no ring)
HPRegen  0.11/turn              (no ring)
MPRegen  0.11/turn              (no ring)
                                (no ring)
                                (no ring)

@: no status effects
A: almost no armour, stealthy swim, amphibious, 8 rings, constrict 8, camouflage
1, gelatinous body 1
a: no special abilities


You were on level 2 of the Dungeon.
You were not hungry.

You visited 1 branch of the dungeon, and saw 3 of its levels.

You collected 109 gold pieces.

Inventory:

Armour
 f - a +0 buckler
Scrolls
 a - 2 scrolls of identify {unknown}
 e - 2 scrolls of amnesia {unknown}
 i - a scroll of enchant armour {unknown}
 j - 3 scrolls of remove curse {unknown}
 l - a scroll of noise {unknown}
Potions
 c - 3 potions of curing {unknown}
 d - a potion of cancellation {unknown}
 g - 3 potions of lignification {unknown}
 h - a potion of degeneration {unknown}
Comestibles
 b - 8 rations
 k - 2 chunks of flesh


   Skills:
 + Level 1.1 Fighting
 + Level 2.2 Dodging
 + Level 3.1 Stealth
 * Level 1.5 Shields
 + Level 2.9 Spellcasting
 + Level 2.4 Conjurations
 * Level 1.2 Air Magic
 + Level 4.5 Poison Magic


You had 5 spell levels left.
You knew the following spells:

 Your Spells              Type           Power        Failure   Level  Hunger
a - Sting                 Conj/Pois      ###.         4%          1    None
c - Mephitic Cloud        Conj/Pois/Air  ##......     16%         3    ###....

Your spell library contained the following spells:

 Spells                   Type           Power        Failure   Level  Hunger
 Poisonous Vapours        Pois/Air       ##....       8%          2    ##.....
 Olgreb's Toxic Radiance  Pois           ###.....     26%         4    ####...
 Venom Bolt               Conj/Pois      ###.......   73%         5    ######.


Dungeon Overview and Level Annotations

Branches:
Dungeon (3/15)

Altars:
Hepliaklqana
The Shining One

Annotations:
D:2 Natasha
D:3 Terence


Innate Abilities, Weirdness & Mutations

You cannot wear most types of armour.
You are very stealthy in the water. (Stealth+)
You are amphibious.
You can wear up to eight rings at the same time.
You can use your tentacles to constrict eight enemies at once.
Your skin changes colour to match your surroundings (Stealth+).
Your rubbery body absorbs attacks. (AC +1, EV +1)


Message History

Natasha claws you.
Casting: Sting (safe; 4% risk of failure)
Confirm with . or Enter, or press ? or * to list all spells.
Aiming: Sting (safe; 4% risk of failure)
Press: ? - help, Shift-Dir - straight line, f/p - Natasha
Aim: Natasha (moderately wounded, poisoned)
The sting hits Natasha but does no damage.
Natasha is moderately wounded.
Natasha casts a spell at you. The magic dart hits you.
* * * LOW HITPOINT WARNING * * *
Casting: Sting (safe; 4% risk of failure)
Confirm with . or Enter, or press ? or * to list all spells.
Aiming: Sting (safe; 4% risk of failure)
Press: ? - help, Shift-Dir - straight line, f/p - Natasha
Aim: Natasha (moderately wounded, poisoned)
The sting hits Natasha.
Natasha looks even sicker.
Natasha is heavily wounded.
Natasha claws you.
You die...

..........#.#.##)# #.#
#.# ..........#.#.##.#
#.# #.#
..........#.#.##.# #.#
#.# ..........#.#.##.#
#.# #.#
........###.#.##.# #.#
#.# ............#.##(#
#.# #.#
......#.#####.##.# #.#
#.# ......#.# #.##.#
#.# #.# #######.#
#.##@# #.# #.#
#.......# #.##h# #.#
#.#
#.###########.##.####.#
#.#
..................>##.#
#.#
#.######.......######.#
#.# #.#
#.......######.###.#
#.#
#..............#...#
#.#
#.......########.###
#.## #.......# #.#


You could see Natasha.

Vanquished Creatures
  Jessica (D:2)
  Natasha (D:2)
  A worker ant (D:2)
  3 adders
  An ooze (D:1)
  2 worms (D:2)
  3 dart slugs
  A leopard gecko (D:3)
  3 orcs (D:3)
  3 ball pythons
  3 giant cockroaches
  8 goblins
  2 hobgoblins
  4 quokkas
  5 bats
  A frilled lizard (D:1)
  7 kobolds
  12 rats
61 creatures vanquished.

Notes
Turn   | Place    | Note
-------+----------+-------------------------------------------
     0 | D:1      | Ceann the Octopode Venom Mage began the quest for the Orb.
     0 | D:1      | Reached XP level 1. HP: 11/11 MP: 3/3
   106 | D:1      | Reached XP level 2. HP: 17/17 MP: 1/5
   268 | D:1      | Reached skill level 4 in Poison Magic
   543 | D:1      | Reached XP level 3. HP: 21/21 MP: 2/6
   808 | D:1      | Found a glowing golden altar of the Shining One.
  1037 | D:2      | Learned a level 3 spell: Mephitic Cloud
  1531 | D:2      | Noticed Jessica
  1540 | D:2      | Killed Jessica
  1540 | D:2      | Reached skill level 1 in Fighting
  1540 | D:2      | Reached skill level 1 in Shields
  1540 | D:2      | Reached XP level 4. HP: 28/28 MP: 0/7
  1724 | D:2      | Noticed Natasha
  1727 | D:2      | Killed Natasha
  1727 | D:2      | Reached XP level 5. HP: 19/33 MP: 5/9
  2308 | D:2      | Found a hazy altar of Hepliaklqana.
  2767 | D:3      | Noticed Terence
  2817 | D:3      | Reached skill level 1 in Air Magic
  2819 | D:2      | Noticed Natasha
  2915 | D:2      | Slain by Natasha

Levels and vault maps discovered:
D:1:      dpeg_arrival_ratfight, layout_basic, chequers_big_river,
          minmay_misc_feat_pillars, tso_altar
D:2:      layout_basic, lemuel_coloured_pillars_altar, first_ration,
          uniq_natasha, uniq_jessica
D:3:      layout_rooms, lemuel_doored_altar, minmay_tree_intersection,
          uniq_terence

Skill      XL: |  1  2  3  4  5 |
---------------+----------------+-----
Poison Magic   | 4 |  4.5
Fighting       | 1 |  1.1
Shields        | 1 |  1.5
Stealth        | 3 |  3.1
Conjurations   | 2 |  2.4
Air Magic      | 1 |  1.2
Dodging        | |  2.2
Spellcasting   | |  2.9

Action                   |  1- 3 |  4- 6 || total
-------------------------+-------+-------++-------
Melee: Unarmed           |     3 |    12 ||    15
       Tentacles         |     2 |     1 ||     3
       Constrict         |       |     3 ||     3
 Cast: Sting             |    62 |    70 ||   132
       Mephitic Cloud    |       |     2 ||     2
  Eat: Chunk             |     2 |     5 ||     7
Armor: Skin              |     8 |     1 ||     9
Dodge: Dodged            |    24 |    19 ||    43
